[Event "Saturday 07 April Rapid Engine Tour 12+1 Rounds 9 Starts 1600ST"]
[Site "Infinity Chess"]
[Date "2018.4.7"]
[Round "4"]
[White "angriff"]
[Black "SkyPilot"]
[Result "0-1"]
[ECO "C50"]
[WhiteElo "2347"]
[BlackElo "2463"]
[WhiteEngine "DracoREX 3.07 64BIT POPCNT_CTG"]
[BlackEngine "stockfish_x64_bmi2_2018_03_30_CTG"]
[EventType "Swiss"]
[WhiteTeam ""]
[BlackTeam ""]
[PlyCount "162"]
[TimeControl "720+1"]

1. e4 e5 2. Nf3 Nc6 3. Bc4 Bc5 4. O-O Nf6 5. d3 d6 6. c3 O-O 7. Bg5 h6 8. Bh4 a5 
9. a4 g5 10. Bg3 Kg7 11. Na3 Ne7 12. Nc2 Bb6 13. Bb3 Ng6 14. Ne3 Bxe3 
15. fxe3 Nh5 16. Be1 g4 17. Nd2 Qg5 18. Qe2 f5 19. exf5 Bxf5 20. g3 e4 
21. d4 Ne7 22. c4 Nf6 23. Bc2 b6 24. Nb1 Nh7 25. d5 Kg8 26. Nc3 Qg6 27. Nb5 Rac8 
28. Na7 Rcd8 29. Kh1 Ng5 30. Nb5 Rc8 31. b4 axb4 32. Bxb4 Nf3 33. a5 bxa5 
34. Bxa5 Bd7 35. Nd4 Rf7 36. Rac1 h5 37. Rb1 Ra8 38. Bxc7 Nf5 39. Nxf5 Bxf5 
40. Bb8 Rf8 41. Bc7 Rf7 42. Bb8 h4 43. c5 hxg3 44. Bxd6 Nxh2 45. Bxg3 Nxf1 
46. Rxf1 Bc8 47. Rxf7 Qxf7 48. Bxe4 Ra4 49. Qd3 Ra1+ 50. Kg2 Ba6 51. Bh7+ Qxh7 
52. Qxh7+ Kxh7 53. Be5 Rc1 54. Kg3 Rxc5 55. Kxg4 Rxd5 56. Kf5 Bd3+ 57. Kf6 Rc5 
58. Ke6 Rb5 59. Kf6 Rb6+ 60. Kg5 Rg6+ 61. Kf4 Re6 62. Bd4 Kg6 63. Ba7 Re4+ 
64. Kg3 Kf5 65. Kf2 Rg4 66. Bd4 Be4 67. Ke1 Rg2 68. Kd1 Bc6 69. Kc1 Bf3 
70. Bb2 Ke4 71. Kb1 Kxe3 72. Ka2 Kd3 73. Kb3 Bd5+ 74. Kb4 Rxb2+ 75. Kc5 Ke4 
76. Kd6 Rc2 77. Ke7 Ke5 78. Kd7 Be6+ 79. Ke7 Rc7+ 80. Kf8 Kf6 81. Ke8 Rc8# 0-1

[Event "Saturday 07 April Rapid Engine Tour 12+1 Rounds 9 Starts 1600ST"]
[Site "Infinity Chess"]
[Date "2018.4.7"]
[Round "4"]
[White "Prometheus"]
[Black "Vimtiroba"]
[Result "1/2-1/2"]
[ECO "C25"]
[WhiteElo "2448"]
[BlackElo "2375"]
[WhiteEngine "Eman 1.70-beta18 64-bit BMI2"]
[BlackEngine "SF9 ''A6''_CTG"]
[EventType "Swiss"]
[WhiteTeam ""]
[BlackTeam ""]
[PlyCount "94"]
[TimeControl "720+1"]

1. e4 e5 2. Nc3 Nc6 3. Nf3 Nf6 4. Bb5 Bb4 5. Bxc6 dxc6 6. d3 Nd7 7. O-O O-O 
8. a3 Bxc3 9. bxc3 b6 10. a4 a5 11. Nd2 Re8 12. Nc4 c5 13. Ne3 Nf8 14. f4 exf4 
15. Rxf4 Ng6 16. Rf2 Be6 17. c4 Qd4 18. Bd2 f6 19. Qe1 Qd6 20. Bc3 Rf8 
21. Nf5 Qd7 22. g4 Ne5 23. h3 Nc6 24. Qe3 Rad8 25. Qg3 Rf7 26. Ne3 Nd4 
27. Bb2 Re8 28. Nd5 h6 29. Ne3 Nc6 30. Nd5 Bxd5 31. cxd5 Ne5 32. c4 c6 
33. Rc2 cxd5 34. cxd5 c4 35. dxc4 Rfe7 36. Bd4 Ng6 37. e5 fxe5 38. Bxb6 e4 
39. Bc5 Rf7 40. Qd6 Qc8 41. Qc6 Qxc6 42. dxc6 Ne5 43. Rf1 Nf3+ 44. Kg2 Nh4+ 
45. Kg1 Nf3+ 46. Kg2 Nh4+ 47. Kg1 Nf3+ 1/2-1/2

[Event "Saturday 07 April Rapid Engine Tour 12+1 Rounds 9 Starts 1600ST"]
[Site "Infinity Chess"]
[Date "2018.4.7"]
[Round "4"]
[White "ocirema"]
[Black "Thinker"]
[Result "1/2-1/2 "]
[ECO "C50"]
[WhiteElo "2437"]
[BlackElo "2452"]
[WhiteEngine "asmFishW_2018-04-01_popcnt"]
[BlackEngine "BrainFish_180404_x64_modern_CTG"]
[EventType "Swiss"]
[WhiteTeam ""]
[BlackTeam ""]
[PlyCount "118"]
[TimeControl "720+1"]

1. e4 e5 2. Nf3 Nc6 3. Bc4 Bc5 4. O-O Nf6 5. d3 d6 6. c3 O-O 7. h3 a6 8. Re1 Ba7 
9. a4 h6 10. Nbd2 Re8 11. Bb3 Be6 12. Bxe6 Rxe6 13. b4 d5 14. Qc2 d4 
15. Bb2 dxc3 16. Bxc3 a5 17. b5 Nb4 18. Bxb4 axb4 19. Nc4 Nd7 20. a5 Rf6 
21. Qe2 Bc5 22. Reb1 Re6 23. Qc2 Qe8 24. Ncd2 b6 25. Nb3 Bf8 26. Rc1 bxa5 
27. Rxa5 Rxa5 28. Nxa5 Rb6 29. Qxc7 Rxb5 30. Nb3 Rb8 31. g3 Rd8 32. Kg2 Nf6 
33. Qc4 Ra8 34. Qc6 Qxc6 35. Rxc6 Ra3 36. Nfd2 Nd7 37. Rc7 Nb6 38. f4 exf4 
39. Rc6 Na4 40. gxf4 g6 41. Kf3 Kg7 42. Rc7 Bd6 43. Rd7 Bc5 44. e5 Kf8 
45. f5 gxf5 46. Kf4 Be7 47. Kxf5 Nc3 48. Nd4 Bc5 49. N2f3 Bxd4 50. Nxd4 Ra1 
51. h4 Rf1+ 52. Kg4 Re1 53. Rb7 Rxe5 54. Rxb4 h5+ 55. Kf4 f6 56. Rb8+ Kf7 
57. Kf3 Nd5 58. Rb7+ Kf8 59. Nc2 Rf5+ 1/2-1/2

[Event "Saturday 07 April Rapid Engine Tour 12+1 Rounds 9 Starts 1600ST"]
[Site "Infinity Chess"]
[Date "2018.4.7"]
[Round "4"]
[White "Marsell"]
[Black "hafaba"]
[Result "1/2-1/2"]
[ECO "B90"]
[WhiteElo "2464"]
[BlackElo "2464"]
[WhiteEngine "asmFishW_2018-04-02_bmi2"]
[BlackEngine "Eman 1.70-beta18 64-bit POPCNT_CTG"]
[EventType "Swiss"]
[WhiteTeam ""]
[BlackTeam ""]
[PlyCount "266"]
[TimeControl "720+1"]

1. e4 c5 2. Nf3 d6 3. d4 cxd4 4. Nxd4 Nf6 5. Nc3 a6 6. Be3 e5 7. Nb3 Be6 
8. f3 h5 9. Qd2 Nbd7 10. Nd5 Bxd5 11. exd5 g6 12. Be2 Bg7 13. O-O b6 14. c4 O-O 
15. Rae1 Re8 16. Bf2 Qc7 17. Bd3 Kh7 18. a4 Bh6 19. Qd1 Bg5 20. Nd2 Nc5 
21. Bc2 Kg7 22. Nb1 h4 23. Nc3 a5 24. Nb5 Qd7 25. b3 Nh5 26. Re2 Rab8 
27. Qa1 Nf4 28. Ree1 Nfd3 29. Bxd3 Nxd3 30. Re4 Rh8 31. Qc3 Nxf2 32. Kxf2 Kg8 
33. h3 f5 34. Ree1 Bf4 35. Re2 Rc8 36. Ke1 Rd8 37. Kf2 Kg7 38. Ke1 Rh7 
39. Kd1 Kg8 40. Kc2 Qc8 41. Kb2 Qc5 42. Kb1 Rc8 43. Rfe1 Rf7 44. Rd1 Rd7 
45. Rh1 Bg3 46. Qd2 Bf4 47. Qd3 Kg7 48. Rf1 Rf7 49. Rh1 Bh6 50. Rc2 Bf4 
51. Rd1 Re7 52. Qc3 Rf7 53. Qd3 Qb4 54. Ka2 Rb8 55. Rb1 Qc5 56. Re2 Rbf8 
57. Rbe1 Bg5 58. Qc3 Re8 59. Kb1 Rc8 60. Kc2 Rh8 61. Kb1 Bf4 62. Rf1 Rh5 
63. Ka2 Rh8 64. Kb1 Rd7 65. Ka2 Bg5 66. Rb1 Rh5 67. Na3 Bf4 68. Nb5 Rh8 
69. Qe1 Bg3 70. Qc3 Ra8 71. Qd3 Bf4 72. Rbb2 Rc8 73. Qd1 Rf8 74. Rbc2 Rh8 
75. Qb1 Bg5 76. Qa1 Bh6 77. Re1 Bg5 78. Qd1 Re7 79. Rce2 Rd7 80. Qc2 Rc8 
81. Nc3 Bf4 82. Qd1 Bg3 83. Rf1 g5 84. Nb5 Bf4 85. Rfe1 Rf7 86. Qc2 Kh6 
87. Rf1 Kg7 88. Qb2 Rd8 89. Qc2 Bg3 90. Kb1 Rc8 91. Ka2 Bf4 92. Rd1 Rcf8 
93. Qd3 Rc8 94. Rc2 Rh8 95. Kb1 Rc8 96. Ka2 Rh8 97. Rb1 Re8 98. Re1 Rd8 
99. Rb1 Re8 100. Re1 Ra8 101. Ka1 Raf8 102. Ka2 Bg3 103. Rb1 Rd7 104. Re2 Rdf7 
105. Rd1 Kg6 106. Qc3 Bf4 107. Qc2 Kg7 108. Rde1 Rb8 109. Ka1 Bg3 110. Rd1 Bf4 
111. Rde1 Ra8 112. Qd3 Rc8 113. Kb1 Qb4 114. Rd1 Rd8 115. Rb2 Re8 116. Re2 Rd8 
117. Ka2 Rc8 118. Rc2 Qc5 119. Rb1 Rd8 120. Re1 Bg3 121. Rd1 Kg6 122. Kb1 Rdf8 
123. Ka2 Bf4 124. Re2 Bh2 125. Rh1 Bf4 126. Rc2 Qb4 127. Rb1 Re8 128. Re2 Rc8 
129. Qc2 Bg3 130. Ka1 Kg7 131. Qd3 Bf4 132. Rbe1 Kg6 133. Ka2 Bc1 1/2-1/2

[Event "Saturday 07 April Rapid Engine Tour 12+1 Rounds 9 Starts 1600ST"]
[Site "Infinity Chess"]
[Date "2018.4.7"]
[Round "4"]
[White "KRAKEN"]
[Black "Deep_Impact"]
[Result "1/2-1/2 "]
[ECO "D31"]
[WhiteElo "2475"]
[BlackElo "2461"]
[WhiteEngine "Raubfisch X38_CTG"]
[BlackEngine "BrainFish_180404_x64_bmi2"]
[EventType "Swiss"]
[WhiteTeam ""]
[BlackTeam ""]
[PlyCount "236"]
[TimeControl "720+1"]

1. d4 d5 2. c4 e6 3. Nc3 c6 4. Nf3 Nf6 5. Bg5 h6 6. Bxf6 Qxf6 7. e3 Nd7 
8. Be2 g6 9. O-O Bg7 10. cxd5 exd5 11. b4 a6 12. a4 O-O 13. b5 Qd6 14. Qb3 a5 
15. Rfc1 Rd8 16. Rab1 Nf8 17. Qd1 Rb8 18. bxc6 bxc6 19. Rxb8 Qxb8 20. Ne1 Bf5 
21. Bd3 Bd7 22. Bf1 Ne6 23. Nd3 Bf8 24. h4 Bd6 25. Nb1 h5 26. Nd2 Qb6 
27. Rb1 Qc7 28. Nf3 Rb8 29. Rc1 Nd8 30. Nc5 Bc8 31. Na6 Bxa6 32. Bxa6 Rb2 
33. Rb1 Rb4 34. Bd3 Qb6 35. Rxb4 Qxb4 36. g3 Kg7 37. Qc2 Qb6 38. Be2 Ne6 
39. Kg2 Qb7 40. Qc3 Qb6 41. Qc2 Qb7 42. Bd3 Qc7 43. Qb2 Bb4 44. Ne5 Bd6 
45. Nf3 Bb4 46. Qb1 Bd6 47. Qb3 Be7 48. Bc2 Bf6 49. Qd3 Qb7 50. Qc3 Qc7 
51. Qd3 Qb6 52. Qd2 Qd8 53. Qd1 Qc7 54. Bb3 Qb7 55. Qc2 Qb4 56. Ba2 Qb6 
57. Ne1 Be7 58. Nd3 Bd6 59. Bb3 Nf8 60. Qc3 Nd7 61. Bd1 Nf6 62. Bf3 Ng4 
63. Nc1 Nf6 64. Ne2 Bb4 65. Qc1 Bd6 66. Qc2 Qa6 67. Qb3 Bb4 68. Nf4 Qb6 
69. Qc2 Bd6 70. Ne2 Qb7 71. Qc3 Qb6 72. Ng1 Bb4 73. Qb2 c5 74. dxc5 Bxc5 
75. Qxb6 Bxb6 76. Ne2 Kf8 77. Nf4 d4 78. e4 Kg7 79. Nd3 Bc7 80. Kf1 Kh6 
81. Nc5 Bb6 82. Nd3 Bc7 83. Ke1 Nd7 84. Bd1 Nf6 85. e5 Ne4 86. Bc2 Kg7 
87. Ke2 Nc3+ 88. Kf3 f6 89. exf6+ Kxf6 90. Kg2 Bd6 91. Kh3 Kf7 92. Kh2 Kg7 
93. Kh3 Kf6 94. f4 Nd5 95. Nb2 Ne3 96. Bb1 Bc5 97. Be4 Ba3 98. Nd3 Bd6 
99. Nf2 Bc7 100. Bf3 Kf7 101. Nd3 Kf6 102. Be4 Bd8 103. Nc5 Nd1 104. Kg2 Nc3 
105. Bc2 Bc7 106. Kf3 Bd6 107. Ne4+ Nxe4 108. Bxe4 Bb4 109. Bd3 Be7 110. Kg2 Ba3 
111. Bc2 Be7 112. Bd3 Bd6 113. Kh3 Be7 114. Bc4 Bc5 115. Kg2 Bf8 116. Kf1 Bd6 
117. Ke1 Bf8 118. Kf1 Bb4 1/2-1/2

[Event "Saturday 07 April Rapid Engine Tour 12+1 Rounds 9 Starts 1600ST"]
[Site "Infinity Chess"]
[Date "2018.4.7"]
[Round "4"]
[White "Eman"]
[Black "Murx"]
[Result "1/2-1/2"]
[ECO "A46"]
[WhiteElo "2482"]
[BlackElo "2506"]
[WhiteEngine "Eman 1.70-beta18 64-bit POPCNT"]
[BlackEngine "asmFishW_2018-04-01_bmi2"]
[EventType "Swiss"]
[WhiteTeam ""]
[BlackTeam ""]
[PlyCount "142"]
[TimeControl "720+1"]

1. d4 Nf6 2. Nf3 e6 3. c4 b6 4. g3 Ba6 5. b3 Bb4+ 6. Bd2 Be7 7. Bg2 Bb7 
8. O-O O-O 9. Nc3 d5 10. cxd5 exd5 11. Qc2 Re8 12. Ne5 Na6 13. Nb5 c5 
14. Rfd1 cxd4 15. Nxd4 Bc5 16. Nef3 Bf8 17. Bf4 g6 18. Nb5 Ne4 19. Qb2 Bg7 
20. Nfd4 Qd7 21. a4 Bc6 22. b4 Bxb5 23. axb5 Nc7 24. Bxc7 Qxc7 25. Rac1 Qd7 
26. Qa2 Bxd4 27. Rxd4 Rac8 28. Rxc8 Qxc8 29. Bf3 Nc3 30. Qd2 Ne4 31. Qa2 Nc3 
32. Qd2 Ne4 33. Qd1 Re5 34. Kg2 Qe6 35. Qc2 Ng5 36. Bg4 Qe8 37. f4 Ne6 
38. Rd3 Re4 39. Rxd5 Rxf4 40. Bxe6 fxe6 41. Rd6 Rf6 42. Rc6 Qd7 43. Qe4 Qd1 
44. Rc8+ Kg7 45. Rc7+ Kg8 46. Rc8+ Kg7 47. Rc7+ Kg8 48. Kh3 Qf1+ 49. Kh4 Qf5 
50. Qxf5 Rxf5 51. Rxa7 Rh5+ 52. Kg4 Rxb5 53. Kf4 h6 54. Ra4 Rf5+ 55. Ke3 Kf7 
56. Ra7+ Kf6 57. Ra8 Re5+ 58. Kd3 Rh5 59. Rf8+ Ke7 60. Rb8 b5 61. h4 Rd5+ 
62. Kc2 Re5 63. Kd2 g5 64. Rb7+ Kf6 65. hxg5+ Kxg5 66. e4 Rxe4 67. Rxb5+ Kf6 
68. Rh5 Rxb4 69. Rxh6+ Ke5 70. Ke2 Rb3 71. Rh5+ Kd4 1/2-1/2

[Event "Saturday 07 April Rapid Engine Tour 12+1 Rounds 9 Starts 1600ST"]
[Site "Infinity Chess"]
[Date "2018.4.7"]
[Round "4"]
[White "THE_MACHINE"]
[Black "Harry_Potter"]
[Result "1/2-1/2"]
[ECO "C50"]
[WhiteElo "2508"]
[BlackElo "2502"]
[WhiteEngine "BrainFish_180404_x64_bmi2"]
[BlackEngine "Stockfish_x64_bmi2_CTG"]
[EventType "Swiss"]
[WhiteTeam ""]
[BlackTeam ""]
[PlyCount "153"]
[TimeControl "720+1"]

1. e4 e5 2. Nf3 Nc6 3. Bc4 Bc5 4. O-O Nf6 5. d3 d6 6. c3 O-O 7. Nbd2 a5 
8. Re1 h6 9. Nf1 Be6 10. Bb5 Ne7 11. h3 Ba7 12. Ng3 c6 13. Ba4 b5 14. Bc2 a4 
15. d4 Ng6 16. Bd2 Bb6 17. Be3 Re8 18. b3 axb3 19. axb3 Rxa1 20. Qxa1 Qc7 
21. b4 Qb7 22. Qb1 Qc7 23. Qa1 Qb7 24. Qb1 Qc7 25. Qb2 Ra8 26. Bb3 Bxb3 
27. Qxb3 Qa7 28. Rd1 d5 29. Qc2 exd4 30. Bxd4 Bxd4 31. Nxd4 Qd7 32. exd5 Nxd5 
33. Ngf5 Re8 34. Qd3 Kh7 35. Qg3 Re5 36. Qf3 Ngf4 37. Ne3 Nxe3 38. fxe3 Nd5 
39. e4 Nf6 40. Nxb5 Qe6 41. Nd4 Qe8 42. Re1 Nxe4 43. Qf4 f6 44. Nf3 Re6 
45. Nd2 Nd6 46. Rxe6 Qxe6 47. Kf2 Kg8 48. g4 Nb5 49. Qe4 Kf7 50. Qd3 Qe5 
51. Ne4 Ke7 52. Nc5 Kf7 53. Qc4+ Ke7 54. Qd3 Kf7 55. Qd7+ Kg6 56. Ne6 Qh2+ 
57. Ke1 Qg1+ 58. Kd2 Qf2+ 59. Kd3 Qf3+ 60. Kd2 Qxc3+ 61. Ke2 f5 62. Nf4+ Kg5 
63. Qxf5+ Kh4 64. Ng6+ Kxh3 65. g5+ Kg2 66. Qf2+ Kh1 67. Qh4+ Kg1 68. Qg4+ Kh1 
69. gxh6 gxh6 70. Qh5+ Kg1 71. Qg4+ Kh2 72. Qh4+ Kg1 73. Qf2+ Kh1 74. Qf3+ Kg1 
75. Qg4+ Kh1 76. Qh5+ Kg1 77. Qg4+ 1/2-1/2

[Event "Saturday 07 April Rapid Engine Tour 12+1 Rounds 9 Starts 1600ST"]
[Site "Infinity Chess"]
[Date "2018.4.7"]
[Round "4"]
[White "Susanne"]
[Black "KQRBNP"]
[Result "1/2-1/2"]
[ECO "B90"]
[WhiteElo "2518"]
[BlackElo "2436"]
[WhiteEngine "stockfish_jvv03_x64_bmi2_CTG"]
[BlackEngine "Eman 1.70-beta18 64-bit POPCNT"]
[EventType "Swiss"]
[WhiteTeam ""]
[BlackTeam ""]
[PlyCount "141"]
[TimeControl "720+1"]

1. e4 c5 2. Nf3 d6 3. d4 cxd4 4. Nxd4 Nf6 5. Nc3 a6 6. Be3 e5 7. Nb3 Be6 
8. f3 Be7 9. Qd2 Nbd7 10. g4 O-O 11. g5 Nh5 12. O-O-O b5 13. Kb1 Nb6 
14. Nd5 Nxd5 15. exd5 Bf5 16. Na5 f6 17. h4 Ng3 18. Rh2 fxg5 19. hxg5 Nxf1 
20. Rxf1 Bg6 21. b3 Qd7 22. Nc6 Rae8 23. Qa5 Ra8 24. Rhf2 Rf5 25. Qd2 Re8 
26. Kb2 Bf8 27. f4 exf4 28. Rxf4 Rxf4 29. Rxf4 Be7 30. Rf2 Bf8 31. Rf4 Be7 
32. Rf3 Qg4 33. Nxe7+ Rxe7 34. Rf2 Qc8 35. Bf4 Rc7 36. Qd1 Qd8 37. Qg4 a5 
38. Qe6+ Bf7 39. Qxd6 Qxd6 40. Bxd6 Rd7 41. Bf4 Rxd5 42. Re2 Bg6 43. Rd2 Rc5 
44. c3 Be8 45. Rd4 Kf7 46. Be3 Re5 47. Bd2 Kg6 48. c4 bxc4 49. Rxc4 h6 
50. gxh6 gxh6 51. Rg4+ Kf5 52. Rf4+ Kg6 53. Rg4+ Kf5 54. Rg2 h5 55. Rg5+ Ke6 
56. Rxe5+ Kxe5 57. Bxa5 h4 58. a4 h3 59. Bd8 Kd6 60. Bh4 h2 61. Bg3+ Kc5 
62. Bxh2 Bf7 63. Ka1 Bxb3 64. a5 Kb5 65. Bc7 Ba4 66. Bb6 Bd1 67. Bd8 Bg4 
68. Bc7 Be2 69. Bb6 Bd1 70. Bd8 Be2 71. Ka2 1/2-1/2

[Event "Saturday 07 April Rapid Engine Tour 12+1 Rounds 9 Starts 1600ST"]
[Site "Infinity Chess"]
[Date "2018.4.7"]
[Round "4"]
[White "fati64"]
[Black "xeonrocks"]
[Result "1/2-1/2"]
[ECO "C50"]
[WhiteElo "2451"]
[BlackElo "2559"]
[WhiteEngine "BrainFish_180404_x64"]
[BlackEngine "Stockfish_x64_bmi2_CTG"]
[EventType "Swiss"]
[WhiteTeam ""]
[BlackTeam ""]
[PlyCount "222"]
[TimeControl "720+1"]

1. e4 e5 2. Nf3 Nc6 3. Bc4 Bc5 4. O-O Nf6 5. d3 d6 6. c3 a5 7. Re1 Ba7 
8. Nbd2 O-O 9. Nf1 Be6 10. Bb5 Ne7 11. d4 exd4 12. Nxd4 Ng6 13. Ba4 h6 
14. Be3 Bc8 15. Bc2 Re8 16. f3 Bd7 17. a4 Bc5 18. Kh1 Bb6 19. Nb3 Bxe3 
20. Nxe3 h5 21. Nd4 h4 22. Qd2 Nh5 23. Nef5 Qf6 24. Rad1 Ne7 25. Ne3 Qg5 
26. Ne2 Kf8 27. Nd4 Nf4 28. Rg1 Qh6 29. Ng4 Qg5 30. Ne3 Nh5 31. Rgf1 Kg8 
32. Ne2 Bc6 33. Nd4 Bd7 34. Ng4 Qxd2 35. Rxd2 Nc6 36. Ne3 Rac8 37. Kg1 g6 
38. Kf2 b6 39. Ne2 Nf6 40. Bd3 Ne5 41. Bb5 Kg7 42. Nd4 Ra8 43. b3 Rh8 
44. Bxd7 Nexd7 45. Ke2 Nh5 46. Nd5 Rac8 47. Kd1 Ndf6 48. Ne3 Nf4 49. Kc2 Nd7 
50. Nc4 Ne6 51. Nb5 Ndc5 52. Ne3 Rb8 53. Na7 Ra8 54. Nc6 Nd8 55. Nd4 Nde6 
56. Nb5 Rab8 57. Na7 Rb7 58. Nc6 Nd8 59. Nd4 Nde6 60. Nc6 Nd8 61. Nxd8 Rxd8 
62. Nc4 Re8 63. Na3 Rbb8 64. Nb5 Re7 65. Rh1 Rh8 66. Nd4 Rh5 67. Rg1 Ne6 
68. Nc6 Re8 69. b4 f6 70. Kb3 Kf7 71. Rdd1 Ra8 72. Rd5 Rhh8 73. Rd2 Ke8 
74. Nd4 Nxd4+ 75. Rxd4 Kd7 76. Rd5 Rhe8 77. b5 Rh8 78. Rgd1 Rae8 79. Kc4 Re6 
80. R1d2 Rhe8 81. R2d4 Re5 82. Rd1 Ke7 83. Kd4 Ke6 84. Ke3 Rxd5 85. Rxd5 Rc8 
86. c4 Rh8 87. f4 Re8 88. Rd1 f5 89. Kd4 Kd7 90. Re1 c5+ 91. bxc6+ Kxc6 
92. g3 hxg3 93. hxg3 Rh8 94. e5 dxe5+ 95. fxe5 Re8 96. Rb1 Rd8+ 97. Kc3 g5 
98. Rf1 Rf8 99. Kd4 Rd8+ 100. Kc3 Rf8 101. Kd4 Kd7 102. Rb1 f4 103. gxf4 gxf4 
104. Rxb6 Ke7 105. Kd5 f3 106. Rb7+ Kd8 107. c5 f2 108. Rb8+ Ke7 109. Rb7+ Kd8 
110. Rb8+ Ke7 111. Rb7+ Kd8 1/2-1/2

[Event "Saturday 07 April Rapid Engine Tour 12+1 Rounds 9 Starts 1600ST"]
[Site "Infinity Chess"]
[Date "2018.4.7"]
[Round "4"]
[White "MarioDeMonti"]
[Black "star99"]
[Result "1/2-1/2"]
[ECO "C42"]
[WhiteElo "2515"]
[BlackElo "2476"]
[WhiteEngine "stockfish_x64_bmi2_2018_02_18_CTG"]
[BlackEngine "Cryptic Heroes 9.3B"]
[EventType "Swiss"]
[WhiteTeam ""]
[BlackTeam ""]
[PlyCount "154"]
[TimeControl "720+1"]

1. e4 e5 2. Nf3 Nf6 3. Nxe5 d6 4. Nf3 Nxe4 5. d4 d5 6. Bd3 Nc6 7. O-O Be7 
8. c4 Nb4 9. Be2 O-O 10. Nc3 Bf5 11. a3 Nxc3 12. bxc3 Nc6 13. Re1 dxc4 
14. Bxc4 Bd6 15. Bg5 Qd7 16. Nh4 Na5 17. Ba2 Rae8 18. Rxe8 Rxe8 19. Nxf5 Qxf5 
20. Be3 a6 21. a4 g6 22. g3 Qe4 23. Qb1 Qf3 24. Qf1 Qf5 25. Qg2 Re7 26. Qf1 Re8 
27. Qg2 Re7 28. Qd5 Qc2 29. Rc1 Qxa4 30. Bh6 Qb5 31. Qf3 Qf5 32. Qxf5 gxf5 
33. Ra1 Re8 34. Kg2 Nc6 35. Bd5 Ra8 36. Bxc6 bxc6 37. Ra5 c5 38. dxc5 Be5 
39. Ra3 a5 40. Kf3 f6 41. Ke2 c6 42. Be3 Kf7 43. f4 Bc7 44. Rb3 Rb8 
45. Rxb8 Bxb8 46. Kd3 Kg6 47. c4 Kh5 48. h3 Kg6 49. Bd2 Bc7 50. Bc3 Bd8 
51. Kc2 Kg7 52. Kb3 Be7 53. Bd4 Bd8 54. Ka4 Kf7 55. Bf2 h5 56. Be1 Be7 
57. Bf2 Bd8 58. Be3 Ke6 59. Bd2 Be7 60. Be3 Bd8 61. Bd4 Kd7 62. Bf2 Ke6 
63. h4 Kd7 64. Bd4 Ke6 65. Bg1 Kf7 66. Bf2 Ke6 67. Bd4 Kf7 68. Kb3 Kg6 
69. Bb2 Be7 70. Bd4 Bd8 71. Kc2 Be7 72. Kc3 Bd8 73. Kc2 Kf7 74. Bf2 Be7 
75. Bd4 Kg7 76. Kc3 Kg6 77. Kb3 Bd8 1/2-1/2

[Event "Saturday 07 April Rapid Engine Tour 12+1 Rounds 9 Starts 1600ST"]
[Site "Infinity Chess"]
[Date "2018.4.7"]
[Round "3"]
[White "beka"]
[Black "Dovahkiin"]
[Result "1/2-1/2 "]
[ECO "C77"]
[WhiteElo "2381"]
[BlackElo "2358"]
[WhiteEngine "stockfish_18032408_32bit"]
[BlackEngine "corchess_x64_modern_CTG"]
[EventType "Swiss"]
[WhiteTeam ""]
[BlackTeam ""]
[PlyCount "205"]
[TimeControl "720+1"]

1. e4 e5 2. Nf3 Nc6 3. Bb5 a6 4. Ba4 Nf6 5. O-O Be7 6. Re1 b5 7. Bb3 O-O 
8. c3 d5 9. exd5 Nxd5 10. Nxe5 Nxe5 11. Rxe5 c6 12. Re1 Bd6 13. d3 Bf5 
14. Qf3 Qh4 15. g3 Qh3 16. Be3 Bxd3 17. Nd2 Qf5 18. Bd4 Rfe8 19. a4 h6 
20. h4 Rxe1+ 21. Rxe1 Rd8 22. Qxf5 Bxf5 23. Ne4 Bxe4 24. Rxe4 Nf6 25. Re2 c5 
26. Bxf6 gxf6 27. Kg2 Kg7 28. Bc2 Bc7 29. Kf3 Ba5 30. h5 Kf8 31. axb5 axb5 
32. Be4 c4 33. Rc2 Rc8 34. Ke3 Ke7 35. f4 Bb6+ 36. Ke2 Rc5 37. g4 Ba5 
38. Ke3 Bb6 39. Kf3 Ba5 40. Bf5 b4 41. cxb4 Bxb4 42. Ke4 Ba5 43. b3 c3 
44. Kd3 Kd6 45. Be4 Ke7 46. Re2 Bb4 47. Bf5+ Kf8 48. Kd4 Rc7 49. Ra2 Bd6 
50. Ke3 Rb7 51. Bc2 f5 52. gxf5 Ke7 53. Ra6 Rb5 54. Ra7+ Kf6 55. Ra8 Rb6 
56. Ra4 Rb5 57. Ra2 Bc7 58. Ra6+ Rb6 59. Ra7 Bd6 60. Rd7 Bb8 61. Rd4 Bd6 
62. Kf3 Kg7 63. Rd3 Bb4 64. Rd4 Bd6 65. Ra4 Kf6 66. Ke3 Rb5 67. Ra8 Rb6 
68. Ra5 Ke7 69. Ra7+ Kf6 70. Ra8 Kg7 71. Ra2 Kf6 72. Ra5 Bb4 73. Ra4 Bd6 
74. Ke4 Rb4+ 75. Rxb4 Bxb4 76. Kd5 Ba3 77. Bd3 Be7 78. Be4 Bb4 79. Kd4 Bd6 
80. Kxc3 Bxf4 81. Bd5 Be5+ 82. Kc4 Bd6 83. Kd4 Kxf5 84. Bxf7 Kg5 85. Kc3 Be5+ 
86. Kc4 Bd6 87. Bg6 Kg4 88. Kd5 Be7 89. Ke6 Bb4 90. Kd7 Bd2 91. Kc7 Bf4+ 
92. Kb6 Be3+ 93. Kb5 Kg5 94. Bf7 Bd2 95. Kc4 Kg4 96. Kc5 Kg5 97. Kb5 Be1 
98. Kb6 Bc3 99. Kc6 Be1 100. Kc5 Bf2+ 101. Kb5 Be3 102. Ka6 Bd2 103. Kb6 1/2-1/2

[Event "Saturday 07 April Rapid Engine Tour 12+1 Rounds 9 Starts 1600ST"]
[Site "Infinity Chess"]
[Date "2018.4.7"]
[Round "3"]
[White "angriff"]
[Black "KhalidOmar"]
[Result "1/2-1/2"]
[ECO "C50"]
[WhiteElo "2344"]
[BlackElo "2414"]
[WhiteEngine "DracoREX 3.07 64BIT POPCNT_CTG"]
[BlackEngine "Eman 1.70-beta18 64-bit BMI2"]
[EventType "Swiss"]
[WhiteTeam ""]
[BlackTeam ""]
[PlyCount "111"]
[TimeControl "720+1"]

1. e4 e5 2. Nf3 Nc6 3. Bc4 Bc5 4. O-O Nf6 5. d3 O-O 6. c3 d6 7. Bg5 a5 8. a4 h6 
9. Bh4 g5 10. Bg3 Ba7 11. Na3 Ne7 12. Re1 Nh5 13. Nc2 Nf4 14. d4 Neg6 
15. dxe5 Nxe5 16. Nxe5 dxe5 17. Ne3 Bxe3 18. fxe3 Ng6 19. b4 Qe7 20. Qb3 Kg7 
21. Rf1 Bd7 22. Ra2 Be6 23. Bxe6 Qxe6 24. Qxe6 fxe6 25. Rc1 Rfd8 26. b5 Rac8 
27. c4 Rd3 28. Kf2 c5 29. bxc6 Rxc6 30. c5 Rb3 31. Ke2 b5 32. Be1 b4 33. Rd2 Ra3 
34. Rd7+ Kg8 35. Rd6 Rc8 36. Rxe6 Kf7 37. Ra6 Rxa4 38. Rd1 Nf8 39. Rd5 b3 
40. Bc3 Ra2+ 41. Kf3 Ne6 42. Bxe5 Nxc5 43. Rf6+ Ke7 44. Rxh6 Rf8+ 45. Kg4 Rxg2+ 
46. Kh5 b2 47. Rb6 Nd7 48. Rxb2 Rxb2 49. Bxb2 Nf6+ 50. Bxf6+ Kxf6 51. Rf5+ Ke7 
52. Rxa5 Rh8+ 53. Kxg5 Rxh2 54. Ra6 Rf2 55. Kg4 Rf8 56. Kg3 1/2-1/2

[Event "Saturday 07 April Rapid Engine Tour 12+1 Rounds 9 Starts 1600ST"]
[Site "Infinity Chess"]
[Date "2018.4.7"]
[Round "3"]
[White "ocirema"]
[Black "Vimtiroba"]
[Result "1/2-1/2"]
[ECO "C50"]
[WhiteElo "2440"]
[BlackElo "2372"]
[WhiteEngine "asmFishW_2018-04-01_popcnt"]
[BlackEngine "SF9 ''A6''_CTG"]
[EventType "Swiss"]
[WhiteTeam ""]
[BlackTeam ""]
[PlyCount "121"]
[TimeControl "720+1"]

1. e4 e5 2. Nf3 Nc6 3. Bc4 Bc5 4. O-O Nf6 5. d3 d6 6. c3 a5 7. Re1 Ba7 
8. Nbd2 O-O 9. Nf1 Be6 10. Bb5 Ne7 11. d4 exd4 12. Nxd4 Ng6 13. Ba4 h6 
14. Be3 Bc8 15. Bc2 Re8 16. h3 Nxe4 17. Bxh6 Nxf2 18. Qd2 gxh6 19. Rxe8+ Qxe8 
20. Qxf2 Bd7 21. Ne3 Qe5 22. Rf1 Be6 23. Ng4 Qg5 24. Kh2 Bc4 25. Re1 Kg7 
26. Ne3 Be6 27. Rf1 Bxd4 28. cxd4 Rf8 29. g3 f5 30. Qe1 Qh5 31. d5 Bd7 
32. Qc3+ Ne5 33. Bd1 Qg5 34. Ng2 Rg8 35. Qxa5 Qc1 36. b3 Re8 37. Qb4 Qb2 
38. Qxb7 Qxa2 39. Qxc7 Qa6 40. Rf2 Rc8 41. Be2 Rxc7 42. Bxa6 Rc3 43. b4 Nf3+ 
44. Kh1 Ba4 45. Be2 Nd4 46. Nf4 Bc2 47. Bf1 Kf6 48. Bg2 Ke5 49. Ng6+ Kf6 
50. Nf4 Rc4 51. Ne2 Ke5 52. g4 fxg4 53. Nxd4 Kxd4 54. hxg4 Be4 55. Bxe4 Kxe4 
56. Kg2 Kxd5 57. Rf5+ Kc6 58. Kg3 Rxb4 59. Rh5 Rb3+ 60. Kf4 Rb6 61. Rxh6 1/2-1/2

[Event "Saturday 07 April Rapid Engine Tour 12+1 Rounds 9 Starts 1600ST"]
[Site "Infinity Chess"]
[Date "2018.4.7"]
[Round "3"]
[White "Thinker"]
[Black "Prometheus"]
[Result "1/2-1/2"]
[ECO "C50"]
[WhiteElo "2452"]
[BlackElo "2448"]
[WhiteEngine "BrainFish_180404_x64_modern_CTG"]
[BlackEngine "Eman 1.70-beta18 64-bit BMI2"]
[EventType "Swiss"]
[WhiteTeam ""]
[BlackTeam ""]
[PlyCount "107"]
[TimeControl "720+1"]

1. e4 e5 2. Nf3 Nc6 3. Bc4 Bc5 4. O-O Nf6 5. d3 d6 6. c3 O-O 7. h3 a5 8. Nbd2 h6 
9. Re1 Be6 10. b3 Bb6 11. a4 d5 12. Bb5 Ne7 13. exd5 Nfxd5 14. Qc2 c6 
15. Bc4 Re8 16. Nxe5 Ng6 17. Nxg6 Qf6 18. Nf4 Qxf4 19. Nf1 Qf6 20. Be3 Bxe3 
21. Bxd5 Bxf2+ 22. Qxf2 Qxf2+ 23. Kxf2 cxd5 24. Nd2 Rac8 25. Rac1 Bf5 
26. d4 Rxe1 27. Kxe1 Re8+ 28. Kf2 Kf8 29. Nf1 Re6 30. b4 Be4 31. bxa5 Rf6+ 
32. Kg1 Ra6 33. Nd2 Rxa5 34. Nxe4 dxe4 35. Kf2 Rxa4 36. Ke3 Ra2 37. Kxe4 Rxg2 
38. c4 Re2+ 39. Kd5 g5 40. Kd6 Rd2 41. d5 f5 42. Kd7 g4 43. Rf1 gxh3 44. d6 Rc2 
45. Rxf5+ Kg7 46. Rh5 h2 47. Rh3 Kg6 48. Ke7 Rxc4 49. Rxh2 Re4+ 50. Kf8 Rd4 
51. Ke7 h5 52. d7 Kg5 53. d8=Q Rxd8 54. Kxd8 1/2-1/2